 Dungeon Crawl Stone Soup version 0.28-a0-751-gef3a642a4e (webtiles) character file.

Game seed: 15048992206909773405

11025 dolemite99 the Severer (level 11, -11/211 HPs)
             Began as a Hill Orc Fighter on Oct 30, 2021.
             Was a Believer of Ashenzari.
             Mangled by a cane toad (15 damage)
             ... on level 2 of the Lair of Beasts.
             The game lasted 00:23:09 (14563 turns).

dolemite99 the Severer (Hill Orc Fighter)          Turns: 14563, Time: 00:23:10

Health: -11/211    AC: 25    Str: 23    XL:     11   Next: 71%
Magic:  11/11      EV:  2    Int:  8    God:    Ashenzari [**....]
Gold:   477        SH:  0    Dex: 10    Spells: 10/10 levels left

rFire   . . .      SeeInvis +   a - +2 battleaxe (chaos)
rCold   . . .      Faith    .   (shield currently unavailable)
rNeg    + . .      Spirit   .   (armour currently unavailable)
rPois   +          Reflect  .   (helmet currently unavailable)
rElec   .          Harm     .   (cloak currently unavailable)
rCorr   .          Rampage  .   (gloves currently unavailable)
Will    .....      NoTele   +   (boots currently unavailable)
Stlth   ..........              (no amulet)
HPRegen 0.45/turn               k - ring of positive energy
MPRegen 0.12/turn               (no ring)

@: berserking, lethally poisoned (-11 -> -27), tree-form, very quick
A: stationary, stasis, torment immunity, boosted hp
a: Renounce Religion, Curse Item, Shatter the Chains


You were on level 2 of the Lair of Beasts.
You worshipped Ashenzari.
Ashenzari was pleased with you.
You were a tree.
You visited 3 branches of the dungeon, and saw 12 of its levels.
You also visited: Sewer and Bailey.

You collected 1218 gold pieces.
You spent 741 gold pieces at shops.

Inventory:

Hand Weapons
 a - a +2 battleaxe of chaos (weapon)
 b - a +1 arbalest of freezing
 e - a +0 dagger of electrocution
 C - a +3 flail of freezing
 H - a +2 vorpal flail
 I - the +9 dagger of the Shark {holy, rPois rC+}
   (You found it on level 8 of the Dungeon)

   It has been blessed by the Shining One to cause great damage to the undead
   and demons.
   rC:        It protects you from cold.
   rPois:     It protects you from poison.
 M - a +0 vorpal war axe
Missiles
 f - 364 stones
 g - 2 atropa-tipped darts
 i - 133 bolts
 n - 177 arrows
 x - 33 sling bullets
 G - a throwing net
Armour
 d - a +0 plate armour
 j - the cursed +0 cloak "Profound Repose" (melded) {Cun, Evo}
   (You found it on level 1 of the Dungeon)

   It has a curse which improves the following skills: Cunning: Dodging and
   Stealth.
   Evocations: Evocations.
 q - the cursed +0 chain mail of Panopticon (melded) {Melee, Alch}
   (You found it in a sewer)

   It has a curse which improves the following skills: Melee Combat: Short
   Blades, Long Blades, Axes, Maces & Flails, Polearms, Staves and Unarmed
   Combat.
   Alchemy:   Poison Magic and Transmutations.
 A - the cursed +1 pair of gloves "Shackled Polytheism" (melded) {Evo, Melee}
   (You found it on level 5 of the Dungeon)

   It has a curse which improves the following skills: Evocations: Evocations.
   Melee Combat: Short Blades, Long Blades, Axes, Maces & Flails, Polearms,
   Staves and Unarmed Combat.
Jewellery
 k - a ring of positive energy (left branch)
 v - a ring of wizardry
 L - a ring of positive energy
Wands
 c - a wand of digging (1)
 u - a wand of mindburst (13) (quivered)
 O - a wand of charming (7)
Scrolls
 y - a scroll of amnesia
 K - 2 scrolls of teleportation
Potions
 h - 4 potions of curing
 l - 2 potions of cancellation
 m - a potion of resistance
 r - 2 potions of mutation
 s - 2 potions of brilliance
 w - a potion of magic
 z - 3 potions of ambrosia
 D - 4 potions of haste
 E - a potion of might
 J - 2 potions of flight
 N - a potion of invisibility
Miscellaneous
 t - a tin of tremorstones (1/2)
 B - a phial of floods


   Skills:
 - Level 8.0 Fighting
 - Level 16.6 Axes
 + Level 6.5 Crossbows
 - Level 6.4 Armour
 - Level 3.4 Shields
 - Level 5.9 Conjurations
 - Level 3.9 Evocations


You had 10 spell levels left.
You didn't know any spells.
Your spell library contained the following spells:

 Spells                   Type           Power      Damage    Failure   Level
 Static Discharge         Conj/Air       4%         N/A       21%         2
 Conjure Flame            Conj/Fire      4%         6-21      36%         3
 Apportation              Tloc           0%         N/A       41%         1
 Beastly Appendage        Tmut           0%         N/A       41%         1
 Summon Small Mammal      Summ           0%         N/A       41%         1
 Mephitic Cloud           Conj/Pois/Air  3%         N/A       52%         3
 Blink                    Tloc           0%         N/A       54%         2
 Wereblood                Tmut           0%         N/A       54%         2
 Call Canine Familiar     Summ           0%         N/A       78%         3
 Ignite Poison            Fire/Tmut/Pois 0%         N/A       78%         3
 Inner Flame              Hex/Fire       0%         N/A       78%         3
 Lesser Beckoning         Tloc           0%         N/A       78%         3
 Spider Form              Tmut/Pois      0%         N/A       78%         3
 Summon Guardian Golem    Hex/Summ       0%         N/A       78%         3
 Hailstorm                Conj/Ice       4%         3d4       78%         4
 Sticky Flame             Conj/Fire      4%         2d3       78%         4
 Lightning Bolt           Conj/Air       2%         1d13      98%         5
 Cause Fear               Hex            0%         N/A       99%         4
 Ice Form                 Ice/Tmut       0%         N/A       99%         4
 Passage of Golubria      Tloc           0%         N/A       99%         4
 Freezing Cloud           Conj/Ice/Air   1%         6-21      99%         5
 Manifold Assault         Tloc           0%         N/A       100%        5
 Simulacrum               Ice/Necr       0%         N/A       100%        6
 Malign Gateway           Summ/Tloc      0%         N/A       100%        7
 Storm Form               Tmut/Air       0%         N/A       100%        7
 Discord                  Hex            0%         N/A       100%        8
 Maxwell's Capacitive Co  Air            0%         ∞         100%        8


Dungeon Overview and Level Annotations

Branches:
Dungeon (9/15)             Temple (1/1) D:4            Lair (2/6) D:9
  Sewer (visited)          Bailey (visited)
  Swamp: Lair:2-4    Shoals: Lair:2-4     Snake: Lair:2-4    Spider: Lair:2-4
    Orc: D:9-12

Altars:
Ashenzari
Cheibriados
Dithmenos
Elyvilon
Fedhas
Gozag
Hepliaklqana
Makhleb
Nemelex Xobeh
Qazlal
Ru
Sif Muna
Trog
Uskayaw
Vehumet
Wu Jian
Xom
Yredelemnul
The Shining One

Shops:
D:2 !   D:8 :

Annotations:
D:8 3 runed translucent doors, AttackTheMoon's ghost, novice DrTm
Lair:2 3 runed translucent doors, pdpol's ghost, journeyman HOAK


Message History

The komodo dragon is lightly wounded.
You slice the cane toad!!
Nothing appears to happen.
You feel very sick. The cane toad stings you.
* * * LOW HITPOINT WARNING * * *
You are lethally poisoned!
The cane toad poisons you!
The komodo dragon bites you but does no damage.
You hit the komodo dragon.
The komodo dragon resists with almost no effort.
The komodo dragon is lightly wounded.
You barely miss the cane toad.
* * * LOW HITPOINT WARNING * * *
You feel extremely sick.
The cane toad stings you but does no damage.
You feel much better.
You feel extremely sick.
The komodo dragon bites you but does no damage.
The cane toad stings you!
* * * LOW HITPOINT WARNING * * *
Really quaff the potion of lignification?
You turn into a tree.
The cursed +0 cloak "Profound Repose" {Cun, Evo} melds into your body.
The cursed +1 pair of gloves "Shackled Polytheism" {Evo, Melee} melds into your body.
The cursed +0 chain mail of Panopticon {Melee, Alch} melds into your body.
Your roots penetrate the ground.
* * * LOW HITPOINT WARNING * * *
You feel very sick. The cane toad stings you!
* * * LOW HITPOINT WARNING * * *
The komodo dragon bites you.
* * * LOW HITPOINT WARNING * * *
A red film seems to cover your vision as you go berserk!
You feel yourself moving faster!
You feel mighty!
* * * LOW HITPOINT WARNING * * *
You feel very sick.
The cane toad stings you but does no damage.
The komodo dragon bites you but does no damage.
The cane toad stings you!
You die...

*## #### *##.#
##########..######..####
........................
, ,
#####.##.............<..
###......##.#.P..... *
##......#.+♣(#...,,
#.#......#lF.# . * ,
.,,#.......#....(. , *.
##...........##.. , ##.,
##.....##...# ((. , #.#
*#......######, .( ,
#.######.....###.# *, .
* , , ..................
, , ,,
..................


You could see a komodo dragon and a cane toad (invisible).

Vanquished Creatures
  The ghost of SkeletonJelly the Slinger, a novice FoAM of Okawaru (D:7)
  3 orc knights (Bailey)
  A glowing shapeshifter (Lair:1)
  2 cane toads (Lair:1)
  A hornet (D:9)
  A wyvern (D:9)
  14 yaks
  A basilisk (Lair:1)
  2 steam dragons
  A swamp worm (D:7)
  9 orc warriors
  6 water moccasins
  3 ice beasts
  4 black bears
  2 sky beasts
  2 ogres
  4 wolves (Lair:2)
  3 centaurs
  A phantom (D:4)
  5 bullfrogs
  A kobold brigand (D:7)
  A gnoll sergeant (D:9)
  5 scorpions
  10 wights
  A howler monkey (D:6)
  2 centaur zombies (D:6)
  3 bullfrog zombies
  2 jellies
  2 gnoll shamans
  A centaur skeleton (D:4)
  2 hounds (D:5)
  3 orc priests
  4 iguanas
  4 orc wizards
  2 howler monkey zombies
  11 gnolls
  A howler monkey skeleton (D:6)
  13 adders
  2 river rats (D:3)
  A shadow imp (D:7)
  A white imp (D:6)
  2 worms
  2 dart slugs (D:5)
  41 orcs
  10 ball pythons
  7 bats
  4 endoplasms
  9 giant cockroaches
  8 goblins
  6 hobgoblins
  4 jackals (D:1)
  8 quokkas
  9 frilled lizards
  12 kobolds
  A quokka skeleton (D:4)
  4 rats
265 creatures vanquished.

Vanquished Creatures (others)
  2 fungi (Lair:2)
  8 plants
10 creatures vanquished.

Grand Total: 275 creatures vanquished

Notes
Turn   | Place    | Note
-------+----------+-------------------------------------------
     0 | D:1      | dolemite99 the Hill Orc Fighter began the quest for the
                  | Orb.
     0 | D:1      | Reached XP level 1. HP: 19/19 MP: 1/1
   491 | D:1      | Reached skill level 3 in Axes
   491 | D:1      | Reached XP level 2. HP: 25/27 MP: 2/2
   864 | D:1      | Reached skill level 4 in Axes
   864 | D:1      | Reached XP level 3. HP: 31/33 MP: 3/3
   978 | D:1      | Found a faded altar of an unknown god.
   985 | D:1      | Prayed at the altar of an unknown god.
   985 | D:1      | Became a worshipper of Ashenzari the Shackled
  1404 | D:2      | Found Ijis's Distillery.
  1446 | D:2      | Reached skill level 5 in Axes
  1446 | D:2      | Reached XP level 4. HP: 40/40 MP: 4/4
  1450 | D:2      | Bought a potion of curing for 39 gold pieces
  1450 | D:2      | Bought a potion of berserk rage for 65 gold pieces
  2010 | D:3      | Found a glowing drain.
  2022 | Sewer    | Entered a sewer
  2293 | Sewer    | Reached * piety under Ashenzari
  2394 | Sewer    | Noticed a bullfrog
  2400 | Sewer    | Killed a bullfrog
  2401 | Sewer    | Reached skill level 6 in Axes
  2401 | Sewer    | Reached XP level 5. HP: 38/46 MP: 5/5
  2414 | Sewer    | Reached skill level 7 in Axes
  2414 | Sewer    | Reached XP level 6. HP: 18/52 MP: 6/6
  2997 | D:3      | Reached ** piety under Ashenzari
  3101 | D:3      | Found a snail-covered altar of Cheibriados.
  3268 | D:3      | Reached skill level 1 in Conjurations
  3554 | D:4      | Found a staircase to the Ecumenical Temple.
  3611 | D:4      | Reached skill level 8 in Axes
  3656 | Temple   | Entered the Ecumenical Temple
  3941 | D:4      | Reached XP level 7. HP: 42/59 MP: 7/7
  4112 | D:4      | Reached skill level 9 in Axes
  4483 | D:5      | Entered Level 5 of the Dungeon
  4493 | D:5      | Reached XP level 8. HP: 66/66 MP: 8/8
  4516 | D:5      | Reached skill level 10 in Axes
  4588 | D:5      | Reached skill level 5 in Conjurations
  4799 | D:5      | Found a hide-covered altar of Uskayaw.
  4802 | D:5      | Noticed a +0 dagger
  4803 | D:5      | Noticed a +0 dagger
  5830 | D:5      | Reached skill level 11 in Axes
  5881 | D:5      | Found a shimmering altar of Xom.
  6209 | D:6      | Reached XP level 9. HP: 70/71 MP: 9/9
  6276 | D:6      | Reached skill level 12 in Axes
  6633 | D:6      | Reached skill level 5 in Fighting
  6889 | D:6      | Identified the cursed +0 cloak "Profound Repose" {Cun, Evo}
                  | (You found it on level 1 of the Dungeon)
  6889 | D:6      | Identified the cursed +1 pair of gloves "Shackled
                  | Polytheism" {Evo, Melee} (You found it on level 5 of the
                  | Dungeon)
  6889 | D:6      | Identified the cursed +0 chain mail of Panopticon {Melee,
                  | Alch} (You found it in a sewer)
  7386 | D:6      | Reached skill level 1 in Crossbows
  8344 | D:7      | Reached skill level 1 in Evocations
  8412 | D:7      | Reached XP level 10. HP: 78/86 MP: 10/10
  8517 | D:7      | Found a runed translucent door.
  8520 | D:7      | Noticed SkeletonJelly's ghost (novice FoAM)
  8891 | D:8      | Identified the +9 dagger of the Shark {holy, rPois rC+}
  9308 | D:8      | Found Wysul's Self-Improvement Boutique.
  9318 | D:8      | Reached skill level 5 in Armour
  9762 | D:8      | Found a runed translucent gate.
  9763 | D:8      | Found a runed translucent gate.
  9764 | D:8      | Found a runed translucent gate.
  9796 | D:8      | Noticed AttackTheMoon's ghost (novice DrTm)
  9796 | D:8      | Identified the ring "Deecek" {Fire Contam Int+2 Dex+5}
  9844 | D:9      | Found a staircase to the Lair.
 10075 | D:9      | Reached skill level 13 in Axes
 10109 | D:9      | Found a flagged portal.
 10173 | Bailey   | Entered a bailey
 10174 | Bailey   | Noticed an orc knight
 10174 | Bailey   | Noticed an orc knight
 10185 | Bailey   | Killed an orc knight
 10207 | Bailey   | Killed an orc knight
 10208 | Bailey   | Reached skill level 14 in Axes
 10855 | Bailey   | Noticed an orc knight
 10867 | Bailey   | Killed an orc knight
 10868 | Bailey   | Reached skill level 15 in Axes
 11285 | Bailey   | Identified the Papyrus of Displacement
 11483 | D:9      | Reached XP level 11. HP: 75/92 MP: 11/11
 11734 | D:7      | Killed SkeletonJelly's ghost
 11735 | D:7      | Reached skill level 16 in Axes
 12251 | D:2      | Bought a potion of haste for 130 gold pieces
 12251 | D:2      | Bought a potion of ambrosia for 104 gold pieces
 12251 | D:2      | Bought a potion of haste for 130 gold pieces
 12251 | D:2      | Bought a potion of haste for 130 gold pieces
 12251 | D:2      | Bought a potion of cancellation for 104 gold pieces
 12251 | D:2      | Bought a potion of flight for 39 gold pieces
 12402 | Lair:1   | Entered Level 1 of the Lair of Beasts
 12410 | Lair:1   | Noticed a glowing shapeshifter
 12410 | Lair:1   | a yak changed into a glowing shapeshifter
 12411 | Lair:1   | Killed a glowing shapeshifter
 13887 | Lair:2   | Reached skill level 5 in Crossbows
 14197 | Lair:2   | Found a runed translucent gate.
 14198 | Lair:2   | Found a runed translucent gate.
 14199 | Lair:2   | Found a runed translucent gate.
 14199 | Lair:2   | Noticed pdpol's ghost (journeyman HOAK)
 14549 | Lair:2   | Noticed a boulder beetle
 14562 | Lair:2   | HP: 5/141 [komodo dragon (3)]
 14563 | Lair:2   | Mangled by a cane toad

Illustrated notes

Levels and vault maps discovered:
D:1:      elethiomel_arrival_shortcut, layout_loops_ring,
          dilly_ecumenical_altar_fadedgnrine, hangedman_decor_opposing
D:2:      layout_rooms, serial_shops, shop, minmay_surrounded
D:3:      minmay_razor_zed, layout_basic, marbit_many_paths,
          portal_sewer_entry_b
D:4:      layout_rooms, minmay_temple_entry_trees, serial_corexii_hall,
          chequers_hall_statues_y, corexii_hall_statues_l
D:5:      minmay_spotlight, layout_gridville,
          mainiacjoe_overflow_concentric_impassable, dancing_weapons_uskayaw,
          minmay_misc_feat_hallway
D:6:      layout_rooms, hangedman_abyss_or_decor_stagger, dk_noncrumbling_3,
          minmay_misc_feat_nine_boxes
D:7:      layout_basic, ebering_ghost_reflecting_pool, minmay_crystal_room,
          worms_lemuel
D:8:      layout_rooms, gammafunk_ghost_icy, nicolae_shop_self_help
D:9:      layout_cave_pools, lemuel_zombie_altar_kikubaaqudgha,
          lair_entry_dummy, enter_bailey_2, uniq_erolcha
Temple:   lightli_temple_of_artemis
Lair:1:   layout_gridlike
Lair:2:   wander_river, layout_regular_city, gammafunk_ghost_ooze

Skill      XL: |  1  2  3  4  5  6  7  8  9 10 11 |
---------------+----------------------------------+-----
Axes           | 3 4 5 6 7 8 9 11 12 15 16 | 16.6
Fighting       | 4 7 8 |  8.0
Conjurations   | 2 4 5 |  5.9
Crossbows      | 4 6 |  6.5
Armour         | 4 6 |  6.4
Evocations     | 2 3 |  3.9
Shields        | |  3.4

Action                   |  1- 3 |  4- 6 |  7- 9 | 10-12 || total
-------------------------+-------+-------+-------+-------++-------
Melee: Dagger            |   127 |   109 |       |       ||   236
       War axe           |     8 |   106 |   256 |    35 ||   405
       Battleaxe         |       |       |       |    69 ||    69
 Fire: Arbalest          |       |       |    24 |   168 ||   192
Throw: Stone             |     2 |    20 |       |       ||    22
Invok: Curse Item        |     1 |     2 |     1 |       ||     4
       Shatter the Chain |       |       |     1 |       ||     1
Evoke: Wand              |       |       |    16 |    14 ||    30
       Tin of tremorston |       |       |     2 |       ||     2
  Use: Scroll            |       |     3 |     2 |     2 ||     7
       Potion            |       |     1 |     3 |     6 ||    10
 Stab: Paralysed         |       |       |       |     1 ||     1
Armor: Scale mail        |   101 |    59 |       |       ||   160
       Chain mail        |       |    46 |   138 |    86 ||   270
       Skin              |       |       |    14 |     2 ||    16
Dodge: Dodged            |    70 |   108 |    65 |    87 ||   330
Block: Buckler           |    43 |    51 |    30 |       ||   124

Table legend: (Time is in decaauts)
 A = Elapsed time spent in this place.
 B = Non-inter-level travel time spent in this place.
 C = Inter-level travel time spent in this place.
 D = Time resting spent in this place.
 E = Time spent auto-exploring this place.
 F = Levels seen in this place.
 G = Mean time per level.
                   A        B        C        D        E       F      G
               +--------+--------+--------+--------+--------+-----+--------+
         Total |  14701 |  13907 |    794 |   4640 |   6668 |  14 | 1050.1 |
       Dungeon |  10365 |   9627 |    738 |   2109 |   5606 |   9 | 1151.7 |
        Temple |    118 |    100 |     18 |      0 |     94 |   1 |  118.0 |
          Lair |   2187 |   2151 |     36 |   1096 |    811 |   2 | 1093.5 |
         Sewer |    732 |    732 |      0 |    337 |    125 |   1 |  732.0 |
        Bailey |   1297 |   1297 |      0 |   1098 |     32 |   1 | 1297.0 |
               +--------+--------+--------+--------+--------+-----+--------+

Top non-repeatable levels by time:
     D:7: 1835 daAuts
     D:5: 1777 daAuts
  Lair:1: 1470 daAuts
     D:6: 1435 daAuts
  Bailey: 1297 daAuts
     D:1: 1164 daAuts
     D:8: 1062 daAuts
     D:3: 977 daAuts
     D:4: 964 daAuts
   Sewer: 732 daAuts
  Lair:2: 717 daAuts
     D:2: 684 daAuts
     D:9: 465 daAuts
  Temple: 118 daAuts
